Map: Lightshade LE

Players

ViBE - Winner!

  • Race: Terran Terran
  • League: Gold
  • Spawn Location: 5:00

PREAHLANY

  • Race: Terran Terran
  • League: Diamond
  • Spawn Location: 11:00

VOD

Have the link to the VOD?

Description

Time

  • Played on: March 25, 2021, 12:01 a.m.
  • Length: 10:56
Show
View Real Time Build Order
Export as new Build Order

ViBE Terran - Winner!

Build Orders:  

Get SALT Encoding   

  12  0:00  SCV  
  13  0:12  SCV  
  14  0:18  Supply Depot  
  14  0:24  SCV  
  15  0:40  SCV  
  16  0:43  Barracks  
  16  0:47  Refinery  
  16  0:52  SCV  
  18  1:04  SCV  
  18  1:16  SCV  
  19  1:30  Orbital Command, Marine  
  20  1:39  Command Center  
  20  1:51  Marine  
  21  1:57  Supply Depot  
  21  1:58  SCV  
  22  2:07  Factory  
  22  2:10  SCV  
  23  2:23  SCV  
  23  2:27  Barracks Reactor  
  24  2:35  SCV  
  25  2:41  Bunker  
  25  2:47  SCV  
  25  2:50  Supply Depot  
  26  2:51  Orbital Command  
  26  2:54  Factory Tech Lab  
  26  2:55  Barracks  
  26  2:59  SCV  
  26  3:02  Refinery  
  27  3:11  SCV  
  28  3:14  Siege Tank  
  28  3:16  Marine x2  
  33  3:23  SCV  
  33  3:24  SCV  
  35  3:35  SCV  
  35  3:36  SCV  
  35  3:38  Marine x2  
  39  3:44  Starport, Barracks Tech Lab  
  39  3:47  SCV  
  39  3:48  SCV  
  41  3:50  Supply Depot  
  41  3:59  SCV, Marine x2  
  41  4:00  SCV  
  45  4:06  Supply Depot  
  45  4:07  Supply Depot  
  45  4:10  Marine  
  45  4:11  SCV  
  45  4:12  SCV  
  45  4:17  Marine x2  
  48  4:23  SCV  
  51  4:24  SCV  
  51  4:29  Marine  
  51  4:30  Siege Tank  
  56  4:31  Starport Reactor  
  56  4:34  Marine  
  56  4:35  Marine  
  56  4:36  SCV x2  
  60  4:41  Supply Depot  
  60  4:46  Stimpack  
  60  4:48  SCV x2  
  60  4:52  Supply Depot x2  
  62  5:00  SCV  
  62  5:01  Refinery x2, SCV  
  64  5:07  Marine x3  
  64  5:08  Siege Tank  
  64  5:12  SCV  
  71  5:16  SCV  
  72  5:24  SCV  
  72  5:26  Command Center  
  73  5:28  SCV  
  74  5:36  SCV  
  74  5:40  SCV  
  76  5:48  SCV  
  77  5:59  Marine x3  
  77  6:01  Medivac x2  
  84  6:07  Engineering Bay  
  84  6:09  Engineering Bay  
  84  6:10  SCV x2  
  86  6:22  Barracks  
  86  6:23  Barracks  
  86  6:24  Barracks  
  86  6:26  SCV x2  
  86  6:28  Marine x3  
  86  6:32  Medivac x2  
  95  6:38  SCV x2  
  97  6:46  Orbital Command  
  97  6:50  SCV  
  97  6:51  Barracks  
  98  6:54  Barracks, Supply Depot  
  98  6:55  Supply Depot x2  
  98  6:58  Combat Shield  
  98  6:59  Terran Infantry Armor Level 1, Marine, Terran Infantry Weapons Level 1  
  98  7:00  Marine x2  
  101  7:05  SCV x2  
  101  7:06  Orbital Command, Armory  
  103  7:10  Supply Depot x2  
  103  7:11  Supply Depot  
  104  7:17  SCV  
  104  7:18  SCV  
  105  7:24  Marine x2  
  105  7:25  Barracks Reactor x3  
  105  7:26  Marine  
  108  7:40  Barracks Reactor x2  
  108  7:43  Medivac x2  
  112  7:44  Marine x3  
  112  7:47  SCV x3  
  111  7:59  SCV x3  
  111  8:00  Refinery  
  111  8:01  Refinery  
  111  8:02  Marine x3  
  111  8:04  Terran Vehicle Weapons Level 1  
  117  8:07  Marine, Command Center  
  117  8:08  Marine x3  
  117  8:11  SCV x3  
  121  8:14  Thor  
  127  8:20  Marine  
  127  8:26  Supply Depot  
  128  8:38  Marine x8  
  128  8:39  Marine x4  
  128  8:40  Marine  
  131  8:42  Medivac x2  
  135  8:49  Supply Depot  
  135  8:50  Supply Depot  
  135  8:58  Marine x6  
  135  8:59  Marine x5  
  135  9:00  Marine x2  
  135  9:01  Thor  
  154  9:15  SCV  
  154  9:16  SCV x2  
  157  9:18  Planetary Fortress  
  157  9:22  Marine x3  
  157  9:23  Marine x10  
  170  9:31  SCV  
  170  9:32  SCV x2  
  172  9:43  SCV  
  172  9:44  SCV x2  
  164  9:55  SCV  
  164  9:56  SCV x2  
  167  10:00  Marine x11  
  167  10:01  Marine x2, Thor  
  167  10:02  Medivac x2  
  184  10:07  SCV  
  184  10:09  SCV x3  
  188  10:20  Marine  
  188  10:21  Marine x11  
  200  10:29  Command Center  
Show
View Real Time Build Order
Export as new Build Order

PREAHLANY Terran 

Build Orders:  

Get SALT Encoding   

  12  0:01  SCV  
  13  0:15  Supply Depot  
  13  0:32  SCV  
  14  0:40  Barracks  
  14  0:44  SCV, Supply Depot  
  15  1:11  SCV  
  16  1:20  Barracks  
  16  1:21  Barracks  
  16  1:27  Refinery  
  16  1:28  SCV  
  17  1:34  Marine  
  18  1:41  SCV  
  19  1:48  Refinery  
  19  1:53  SCV  
  20  2:05  SCV  
  21  2:24  Barracks Reactor x2  
  21  2:28  Orbital Command  
  21  3:03  Reaper x2  
  21  3:04  Reaper x2  
  25  3:08  Reaper  
  26  3:16  Command Center, Supply Depot  
  26  3:23  SCV  
  27  3:35  SCV  
  27  3:38  Reaper x3, Supply Depot  
  31  3:45  Reaper  
  31  3:47  SCV  
  33  3:59  SCV  
  33  4:00  Supply Depot  
  34  4:11  SCV  
  33  4:24  Supply Depot  
  30  4:37  Orbital Command  
  30  4:42  Marine  
  30  4:43  Reaper x4  
  35  4:55  Supply Depot  
  34  5:00  Reaper  
  35  5:08  SCV  
  35  5:11  SCV  
  37  5:15  Reaper, Marine x3  
  37  5:20  SCV  
  42  5:31  SCV  
  42  5:32  SCV, Marine x2  
  42  5:33  Marine x2  
  48  5:44  SCV x2  
  48  5:45  Factory  
  48  5:47  Marine  
  48  5:49  Marine  
  51  5:50  Marine x2  
  51  5:53  Barracks Tech Lab  
  51  5:56  SCV x2  
  56  6:04  Marine  
  56  6:07  Marine  
  56  6:08  SCV x2, Marine x2  
  62  6:14  Stimpack  
  62  6:20  SCV x2  
  62  6:22  Marine  
  62  6:23  Factory x2  
  62  6:25  Marine  
  65  6:26  Marine x2  
  65  6:32  SCV  
  69  6:33  SCV  
  70  6:41  Factory Reactor  
  70  6:44  SCV  
  71  6:53  Marine  
  72  7:11  Barracks, Command Center  
  72  7:12  Barracks, Command Center  
  72  7:20  Factory Reactor x2  
  72  7:23  Hellion x2  
  75  7:33  Marine  
  75  7:34  Marine x4  
  79  7:44  Hellion  
  77  7:51  Marine  
  77  7:52  Marine x4  
  77  7:54  Combat Shield  
  73  8:09  Marine x4  
  73  8:10  Marine  
  76  8:25  Barracks Reactor  
  76  8:26  Barracks Reactor, SCV  
  77  8:27  Marine x4  
  77  8:28  Marine  
  77  8:31  Command Center  
  80  8:38  SCV  
  72  8:44  Marine  
  72  8:45  Marine x4  
  72  8:48  Hellion x4  
  85  8:58  Supply Depot  
  85  9:02  Marine  
  86  9:18  Supply Depot x3  
  86  9:19  Marine, Supply Depot  
  86  9:20  SCV x2, Hellion x2  
  86  9:22  Supply Depot  
  93  9:28  Starport  
  93  9:32  SCV  
  93  9:37  Factory Tech Lab  
  94  9:39  SCV, Hellion x2  
  94  9:44  SCV  
  100  9:48  Supply Depot  
  100  9:51  SCV  
  93  9:56  SCV  
  72  10:03  SCV  
  55  10:08  SCV  
  55  10:12  Starport Reactor  
  55  10:13  SCV  
  57  10:15  SCV, Siege Tank  
  57  10:17  Marine x7  
  57  10:18  Marine x2  
  66  10:35  Marine x8  
Tags
 
Matchup
TvT
Player
ViBE
Race
Terran
Replay Pack
Gold_League
Spawn Locations
Cross Positions
Add a new tag
Caveats
  • Supply blocks, unpowered buildings, or Contaminate may cause inaccurate times.
  • Supply counts are checked every 10 seconds.